 Dungeon Crawl Stone Soup version 0.20.0-8-g6b59dc7 (webtiles) character file.

758 Lavandula the Grave Robber (level 7, -15/55 HPs)
             Began as a Deep Dwarf Necromancer on May 31, 2017.
             Demolished by an ogre
             ... wielding a +0 giant club
              (26 damage)
             ... on level 5 of the Dungeon.
             The game lasted 00:13:33 (4899 turns).

Lavandula the Grave Robber (Deep Dwarf Necromancer) Turns: 4899, Time: 00:13:34

Health: -15/55     AC:  2    Str: 12    XL:     7   Next: 50%
Magic:  11/11      EV: 12    Int: 16    God:
Gold:   247        SH:  0    Dex: 14    Spells: 4/14 levels left

rFire    . . .     SeeInvis .   h - +0 hand axe
rCold    . . .     Gourm    .   (no shield)
rNeg     . . .     Faith    .   a - +0 robe
rPois    .         Spirit   .   (no helmet)
rElec    .         Reflect  .   (no cloak)
rCorr    .         Harm     .   (no gloves)
MR       +....                  (no boots)
Stlth    +.........             (no amulet)
Regen    0.0/turn               o - ring of loudness (curse)
MPRegen  0.2/turn               (no ring)

@: non-regenerating
A: damage resistance, heal wounds, sense surroundings 1, no regeneration
a: Heal Wounds


You were on level 5 of the Dungeon.
You were very hungry.

You visited 1 branch of the dungeon, and saw 6 of its levels.

You collected 247 gold pieces.

Inventory:

Hand Weapons
 h - a +0 hand axe (weapon)
Armour
 a - a +0 robe (worn)
Jewellery
 o - a cursed ring of loudness (left hand)
Wands
 k - a wand of scattershot (1/9)
 q - a wand of lightning (4/15)
Scrolls
 d - 2 scrolls of enchant armour {unknown}
 e - 4 scrolls of teleportation
 j - 6 scrolls of remove curse {unknown}
 l - 3 scrolls of amnesia {unknown}
 n - 2 scrolls of identify {unknown}
 r - 3 scrolls of magic mapping {unknown}
 u - a scroll of enchant weapon {unknown}
 v - a scroll of recharging {unknown}
Potions
 f - a potion of agility {unknown}
 i - a potion of brilliance {unknown}
 m - a potion of cancellation {unknown}
 p - 5 potions of curing {unknown}
 s - a potion of lignification {unknown}
 t - a potion of flight {unknown}
 x - a potion of resistance {unknown}
 A - a potion of degeneration {unknown}
 B - 2 potions of heal wounds {unknown}
Books
 b - a book of Necromancy

   Spells                             Type                      Level
   a - Pain                           Necromancy                   1
   b - Animate Skeleton               Necromancy                   1
   c - Vampiric Draining              Necromancy                   3
   d - Regeneration                   Charms/Necromancy            3
   e - Animate Dead                   Necromancy                   4
   f - Control Undead                 Necromancy                   4
 y - a book of Cantrips

   Spells                             Type                      Level
   a - Confusing Touch                Hexes                        1
   b - Animate Skeleton               Necromancy                   1
   c - Summon Small Mammal            Summoning                    1
   d - Apportation                    Translocation                1
Comestibles
 c - 5 bread rations
 g - 3 meat rations
 w - a royal jelly
 z - 3 fruits


   Skills:
 + Level 5.0 Axes
 - Level 2.1 Dodging
 - Level 2.5 Stealth
 - Level 4.2 Spellcasting
 - Level 7.0 Necromancy


You had 4 spell levels left.
You knew the following spells:

 Your Spells              Type           Power        Failure   Level  Hunger
a - Pain                  Necr           ####         1%          1    None
b - Vampiric Draining     Necr           ####......   2%          3    ###....
c - Animate Skeleton      Necr           N/A          1%          1    None
d - Animate Dead          Necr           N/A          9%          4    ####...
e - Apportation           Tloc           #.....       17%         1    None


Dungeon Overview and Level Annotations

Branches:
Dungeon (6/15)
 Temple: D:4-7

Altars:
Ashenzari
Uskayaw
Xom

Shops:
D:5 (

Annotations:
D:4 exclusion: ogre, GordonOverkill's ghost, amateur TeSk
D:5 Prince Ribbit


Innate Abilities, Weirdness & Mutations

You are resistant to damage.
You can heal yourself by infusing magical energy.
You passively map a small area around you.
You do not regenerate.


Message History

Here: GordonOverkill's ghost, wielding a weapon of venom (hasn't noticed you)
The floor.
Okay, then.
GordonOverkill's ghost turns its malevolent gaze towards you.
You are feeling very hungry.
A jackal comes into view.
GordonOverkill's ghost is nearby!
GordonOverkill's ghost is nearby!
GordonOverkill's ghost grins evilly.
There is an escape hatch in the floor here.
You slide downwards.
The hatch slams shut behind you.
Level annotation: Prince Ribbit An ogre comes into view.
It is wielding a giant club.
The ogre shouts!
The ogre hits you with a giant club!!
* * * LOW HITPOINT WARNING * * *
A sky beast comes into view.
Okay, then.
You fail to use your ability.
The ogre hits you with a giant club!!
You die...

, * ,,* #.####.#### *
#..##...... , ##.##.[.... ,
#.##...... , * #######
#.##...... #.....# #.##......
#.....# #..##.#### , #.....#
##.##.# #...@.#### #.##.# *,
#...O..[.# #.##.# ,
##########.....# #.##.# ,
.........Y.....# #..#.# *
*##########.##### ##.#.# ##
#.#########...###. ######
#.................
###....##############.[###.
#######...............(.(...>#
##


You could see a sky beast and an ogre.

Vanquished Creatures
  An ice beast (D:5)
  A centaur (D:5)
  A bullfrog (D:3)
  A scorpion (D:4)
  A hound (D:5)
  A jelly (D:5)
  5 orc wizards
  3 worker ants (D:4)
  5 gnolls
  5 adders
  2 shadow imps (D:5)
  An adder skeleton (D:4)
  A worm (D:3)
  A dart slug (D:3)
  A leopard gecko (D:3)
  14 orcs
  2 ball pythons
  5 bats
  5 giant cockroaches
  7 goblins
  7 hobgoblins
  2 jackals (D:3)
  2 quokkas
  A ball python skeleton (D:4)
  10 frilled lizards
  A jackal zombie (D:5)
  9 kobolds
  4 rats
99 creatures vanquished.

Notes
Turn   | Place    | Note
-------+----------+-------------------------------------------
     0 | D:1      | Lavandula the Deep Dwarf Necromancer began the quest for the Orb.
     0 | D:1      | Reached XP level 1. HP: 15/15 MP: 3/3
     2 | D:1      | Noticed a spriggan
     2 | D:1      | Noticed an ogre
     4 | D:1      | Noticed an octopode
     6 | D:1      | Noticed a felid
     8 | D:1      | Noticed a naga
    10 | D:1      | Noticed a minotaur
    10 | D:1      | Noticed a demonspawn
    12 | D:1      | Noticed a merfolk
    12 | D:1      | Noticed a ghoul
    14 | D:1      | Noticed a gargoyle
    14 | D:1      | Noticed a tengu
    16 | D:1      | Noticed a halfling
    16 | D:1      | Noticed a vine stalker
    18 | D:1      | Noticed a formicid
    20 | D:1      | Noticed a draconian
    20 | D:1      | Noticed a human
    22 | D:1      | Noticed an elf
    22 | D:1      | Noticed a dwarf
    24 | D:1      | Noticed a demigod
    24 | D:1      | Noticed a vampire
    26 | D:1      | Noticed a troll
    26 | D:1      | Noticed a centaur
   240 | D:1      | Reached skill level 5 in Necromancy
   240 | D:1      | Reached XP level 2. HP: 22/22 MP: 1/4
   553 | D:3      | Reached skill level 1 in Axes
   553 | D:3      | Reached XP level 3. HP: 17/28 MP: 0/6
   672 | D:3      | Found a shimmering altar of Xom.
   900 | D:3      | Noticed a bullfrog
   964 | D:3      | Killed a bullfrog
   964 | D:3      | Reached XP level 4. HP: 36/36 MP: 0/7
   969 | D:3      | Learned a level 3 spell: Vampiric Draining
   971 | D:3      | Learned a level 1 spell: Animate Skeleton
  1069 | D:4      | Noticed an ogre
  1177 | D:4      | Noticed GordonOverkill's ghost (amateur TeSk)
  1215 | D:5      | Entered Level 5 of the Dungeon
  1308 | D:5      | Reached XP level 5. HP: 42/42 MP: 1/8
  1941 | D:5      | Reached XP level 6. HP: 37/49 MP: 2/9
  2036 | D:5      | Found Jonaf's Weapon Emporium.
  2080 | D:5      | Learned a level 4 spell: Animate Dead
  2274 | D:5      | Noticed Prince Ribbit
  2759 | D:4      | Found a shattered altar of Ashenzari.
  2781 | D:4      | Reached skill level 6 in Necromancy
  2827 | D:4      | Reached XP level 7. HP: 28/55 MP: 6/11
  4057 | D:2      | Reached skill level 7 in Necromancy
  4061 | D:2      | Found a hide-covered altar of Uskayaw.
  4508 | D:3      | Reached skill level 5 in Axes
  4803 | D:4      | Learned a level 1 spell: Apportation
  4899 | D:5      | Demolished by an ogre

Skill      XL: |  1  2  3  4  5  6  7 |
---------------+----------------------+-----
Necromancy     | 5 6 7 |  7.0
Spellcasting   | 2 3 4 |  4.2
Axes           | 1 4 5 |  5.0
Dodging        | |  2.1
Stealth        | |  2.5

Action                   |  1- 3 |  4- 6 |  7- 9 || total
-------------------------+-------+-------+-------++-------
Melee: Dagger            |     7 |       |       ||     7
       Hand axe          |    19 |    95 |    62 ||   176
 Cast: Pain              |    55 |    57 |    27 ||   139
       Vampiric Draining |       |    13 |    25 ||    38
 Abil: Heal Wounds       |     2 |     3 |       ||     5
Evoke: Wand              |       |     1 |       ||     1
  Use: Scroll            |       |     1 |       ||     1
 Stab: Sleeping          |       |     2 |       ||     2
  Eat: Chunk             |     1 |     5 |     3 ||     9
       Royal jelly       |       |     1 |       ||     1
       Meat ration       |       |       |     1 ||     1
Armor: Robe              |     4 |    14 |     7 ||    25
Dodge: Dodged            |    29 |    60 |    45 ||   134
